[Event "TePe Sigeman Co 2024"]
[Site "Malmo"]
[Date "2024.04.29"]
[Round "3.3"]
[White "Korobov, Anton"]
[Black "Keymer, Vincent"]
[Result "1/2-1/2"]
[ECO "E22"]
[WhiteElo "2651"]
[BlackElo "2726"]
[Annotator "TA"]
[PlyCount "122"]
[EventDate "2024.04.27"]
[EventType "tourn"]
[EventCountry "SWE"]
[SourceTitle "playchess.com"]
[Source "ChessBase"]
[SourceQuality "1"]
[TimeControl "40/5400+30:1800+30"]

1. d4 Nf6 2. c4 e6 3. Nc3 Bb4 4. Nf3 O-O 5. Qb3 c5 6. dxc5 {[%emt 0:00:46] E22: Nimzo-Indian: 4 Qb3.} Na6 7. Bd2 Qe7 8. e3 Nxc5 9. Qc2 b6 10. Be2 Bb7 11. O-O Rac8 12. Rac1 a5 $146 ({Predecessor:} 12... Nce4 13. Nxe4 Nxe4 14. Bxb4 Qxb4 15. Bd3 d5 16. Qb1 Nf6 17. cxd5 Bxd5 18. a3 Qd6 {½-½ Filip,M-Fischer,R Candidates Tournament-05 1962 (10)}) 13. a3 Bxc3 14. Bxc3 Nfe4 15. Be1 d6 16. b4 axb4 17. axb4 Nd7 18. Nd2 Nxd2 19. Qxd2 d5 20. f3 Ne5 21. cxd5 exd5 22. Rxc8 Rxc8 23. Qd4 Qe6 24. Bc3 f6 25. Ra1 Qc6 26. Bb2 b5 {[%emt 0:00:37] [#]} (26... Qe6 $14 {is superior.}) 27. Qc5 (27. Qd1 $1 $16) 27... Qxc5 $14 28. bxc5 Rxc5 29. Bd4 Rc2 30. Bxb5 Nc6 31. h4 Nxd4 32. exd4 Rb2 33. Bd7 Kf8 34. Ra7 Rb6 35. h5 h6 36. Kf2 Ba6 37. Bf5 Bb7 38. Bd7 Ba6 $1 39. Ra8+ Ke7 40. Bf5 Bb5 41. Ra7+ Kf8 42. Bg6 Rb8 $1 43. g4 Rd8 44. Rf7+ Kg8 45. Rb7 Bd7 46. Ke3 (46. Rb6 $16) 46... Kf8 $1 $11 47. Kf4 Be6 $1 48. Bf5 Bf7 49. Kg3 Ra8 50. Kh4 Ra4 51. Bg6 Bxg6 52. hxg6 Rxd4 53. Rf7+ Kg8 54. Rd7 Kf8 55. Kg3 Ra4 56. Rd8+ Ke7 57. Rg8 f5 $1 58. Rxg7+ (58. gxf5 $5 Kf6 $8 59. Rf8+ Kg5 60. Rf7 $11) 58... Kf6 59. Rf7+ Kxg6 60. Rxf5 (60. gxf5+ {leads to mate.} Kxf7 61. Kf2 Kf6 62. Ke3 Kxf5 63. Ke2 h5 64. Kf2 h4 65. f4 h3 (65... Kxf4 66. Ke2 Rd4 67. Kf2 h3 68. Kf1 Kf3 69. Kg1 Rd1+ 70. Kh2 d4 71. Kxh3 Rh1#) 66. Ke3 h2 (66... Rxf4 {is a self mate.} 67. Ke2 h2 68. Kd2 h1=Q 69. Ke3 Qe4+ 70. Kd2 Rf2+ 71. Kd1 Qh1#) 67. Kd2 h1=Q (67... h1=R 68. Ke2 Rh2+ 69. Kd3 Ra3+ 70. Kd4 Rc2 71. Kxd5 Rd3#) 68. Kc2 Ra2+ (68... Kxf4 69. Kb3 Qd1+ 70. Kc3 Rc4+ 71. Kb2 Qc2+ 72. Ka3 Ra4#) 69. Kb3 Qb1+ 70. Kc3 Qb2+ 71. Kd3 Qd2#) 60... Ra5 61. Kf4 Kg7 1/2-1/2

[Event "TePe Sigeman Co 2024"]
[Site "Malmo"]
[Date "2024.04.29"]
[Round "3.4"]
[White "Erigaisi Arjun"]
[Black "Maurizzi, Marc`Andria"]
[Result "1-0"]
[ECO "D35"]
[WhiteElo "2756"]
[BlackElo "2605"]
[Annotator "TA"]
[PlyCount "135"]
[EventDate "2024.04.27"]
[EventType "tourn"]
[EventCountry "SWE"]
[SourceTitle "playchess.com"]
[Source "ChessBase"]
[SourceQuality "1"]
[TimeControl "40/5400+30:1800+30"]

1. d4 d5 2. c4 e6 3. Nf3 Nf6 4. Nc3 c6 5. cxd5 exd5 6. Bf4 Bf5 7. e3 Nbd7 {[%emt 0:00:54] D35: Queen's Gambit Declined: Exchange Variation.} 8. h3 {[%emt 0:00:09] is cutting edge theory.} Bb4 9. Qb3 Qb6 10. g4 Bg6 11. Nh4 Be7 $146 ({Predecessor:} 11... a5 12. Nxg6 a4 13. Qc2 hxg6 14. Bg2 a3 15. O-O Qa5 16. Ne2 O-O 17. Rab1 Ra7 {1-0 Deac,B (2700)-Ter Sahakyan,S (2616) Airthings Masters Play In rapid 2023 (7)}) 12. Nxg6 hxg6 13. f3 Nf8 14. Bg3 Ne6 15. Kf2 Bd8 16. Kg2 Bc7 17. Bf2 Bd6 18. h4 Qc7 19. Be2 O-O 20. Rae1 b5 21. g5 Nh5 22. f4 Nhxf4+ 23. exf4 Nxf4+ 24. Kf1 b4 25. Nd1 Rae8 26. Bf3 Rxe1+ 27. Bxe1 Qc8 28. Bd2 Qf5 29. Bxf4 (29. Bxb4 $2 Bxb4 30. Kg1 $19) 29... Qxf4 30. Qe3 Qf5 31. Kg2 Qc2+ (31... Bf4 $16 32. Qe7 Qc2+ 33. Nf2 b3 34. axb3 (34. Qxa7 Be3 $11) 34... Qd2) 32. Qe2 Qf5 33. Qe3 $2 ({White should try} 33. Qd2 $16) 33... Bf4 $2 (33... Qc2+ $11 34. Nf2 Qxb2) 34. Qf2 $18 Re8 {[%emt 0:00:46] [#]} 35. Re1 $1 Rxe1 (35... Re6 $142 36. Rxe6 Qxe6) 36. Qxe1 $18 Kh7 37. Qe2 (37. Qxb4 Qc2+ 38. Nf2 Be3 $16) (37. Qe8 $18 {has better winning chances.}) 37... Bd6 {[%emt 0:01:08] [#]} (37... Bc7 $16) 38. Qd2 ({White should play} 38. Qe3 $1 $18) 38... a5 (38... Bf4 $16 39. Qe2 (39. Qxb4 Qc2+ 40. Nf2 Be3 $16) 39... Bc7) 39. Nf2 $18 Bc7 (39... Qc8 $142 40. Bg4 Qb7) 40. Bd1 (40. Bg4 $142 Qb1 41. b3) 40... Qe6 $18 41. Qd3 Kg8 42. b3 Qd6 43. Ng4 Qe6 (43... Qf4 $142 44. Qe3 Qxe3 45. Nxe3 Kf8) 44. Qe2 $18 Qd7 45. Qe3 Bb6 46. Ne5 Qe7 47. Qf4 Qe8 $2 (47... Bc7 {was called for.} 48. h5 gxh5 49. Bxh5 g6) 48. h5 $18 gxh5 49. Bxh5 g6 50. Bg4 Bc7 51. Qf6 Bd8 52. Qxc6 Qxc6 53. Nxc6 Bxg5 54. Nxa5 Be7 55. Bf3 f5 56. Bxd5+ Kg7 57. Bc4 Kf6 58. Nb7 g5 59. d5 Ke5 60. d6 Bxd6 61. Nxd6 Kxd6 62. Kf3 Ke5 63. Ke3 g4 64. Ba6 f4+ 65. Kd3 f3 66. Ke3 Kf5 67. Bc8+ Kg5 68. Bb7 1-0

[Event "TePe Sigeman Co 2024"]
[Site "Malmo"]
[Date "2024.04.30"]
[Round "4.1"]
[White "Abdusattorov, Nodirbek"]
[Black "Grandelius, Nils"]
[Result "1-0"]
[ECO "C26"]
[WhiteElo "2765"]
[BlackElo "2664"]
[Annotator "TA"]
[PlyCount "77"]
[EventDate "2024.04.27"]
[EventType "tourn"]
[EventCountry "SWE"]
[SourceTitle "playchess.com"]
[Source "ChessBase"]
[SourceQuality "1"]
[TimeControl "40/5400+30:1800+30"]

1. e4 e5 2. Nf3 Nc6 3. g3 Nf6 4. d3 Bc5 5. Bg2 d6 6. O-O O-O 7. Nc3 a5 8. h3 h6 9. Kh2 Be6 {[%emt 0:06:47] The position is equal.} 10. Na4 Ba7 11. c4 Nd7 12. Nc3 f5 13. exf5 Bxf5 14. Nb5 Bb6 15. Be3 Bxe3 16. fxe3 Bh7 17. d4 Nb4 {[%emt 0:06:37] ...Nc2 would now be deadly.} 18. Qd2 Bd3 19. Rfc1 exd4 (19... Bh7 $11) 20. exd4 (20. a3 $16 Be4 21. axb4 Bxf3 22. Nxd4 Bxg2 23. Ne6) 20... Be4 $132 {[%emt 0:00:55][%mdl 2048] Black is not keeping still} 21. Nh4 Nf6 22. d5 Bxg2 23. Qxg2 c6 24. Nd4 {[%emt 0:01:00] White wants to play Ne6.} Qb6 25. Nhf5 {[%emt 0:03:31] Hoping for Ne6.} (25. Ne6 $2 Ng4+ 26. hxg4 Rf2 $19) 25... cxd5 26. Ne6 $1 Rf7 {[%emt 0:00:36] aiming for ...Re8.} 27. Rf1 $1 {[%emt 0:00:10] Threatens to win with Nexg7.} Nd3 (27... Rc8 $14) 28. Nexg7 $16 {[%emt 0:10:02][%cal Og7h5] Black must now prevent Nh5! White is more active.} dxc4 {[%emt 0:01:26] [#]} (28... Kh7 $16) 29. Nh5 $1 $18 Kh7 30. Ne7 (30. Nxh6 Kxh6 31. Nxf6 (31. Rxf6+ $2 Rxf6 32. Nxf6 Qxb2 $19) 31... Qxb2 32. Qxb2 Nxb2 $11) 30... Qd4 (30... Rxe7 $2 31. Nxf6+ Kh8 32. Nd5 $18) (30... Ng4+ {was called for.} 31. hxg4 Rxe7) 31. Nd5 $1 (31. Qxb7 $2 Ra7 32. Qf3 Raxe7 $19 (32... Qxb2+ 33. Kh1 $11)) 31... Nxd5 (31... Ng4+ $142 32. hxg4 Raf8) 32. Rxf7+ Kh8 33. Raf1 {[%emt 0:01:29][%cal Of1f6,Ba1f1,Bf1f4,Bf4h4][%mdl 32] R1f6! is the strong threat.} Ne5 34. Rxb7 Ne3 35. Rf4 Qd3 {[%emt 0:00:32] [#]} 36. Rh7+ $3 {[%emt 0:00:31][%mdl 512] White mates.} Kxh7 {[%emt 0:00:14][%cal Bh8h7,Bh7g6,Bg6h5][%mdl 32] [#]} (36... Qxh7 37. Qxa8+) 37. Qb7+ $1 ({Inferior is} 37. Qxa8 Qe2+ 38. Kh1 Qd1+ 39. Kh2 Qd2+ (39... Qxh5 $2 {too greedy.} 40. Qa7+ Kg6 41. Qxe3 $18) 40. Kh1 Qc1+ (40... Qxb2 41. Nf6+ Kg7 42. Qg8#) 41. Kh2 Qxb2+ (41... Qd2+ 42. Kh1 $11) 42. Kh1 Qb1+ (42... Qxa2 43. Nf6+ Kg7 44. Qg8#) 43. Kh2 Qxa2+ 44. Kh1 Qb1+ 45. Kh2 Qc2+ 46. Kh1 Qd1+ 47. Kh2 Qc2+ (47... Qxh5 $2 48. Qa7+ Kg6 49. Qxe3 $18) (47... Qe2+ 48. Kg1 $11) 48. Kg1 Qc1+ 49. Kh2 Qb2+ (49... Qd2+ 50. Kg1 $11) 50. Kh1 Qa1+ 51. Kh2 Qa2+ 52. Kh1 Qa1+ (52... Qb1+ 53. Kh2 $11) 53. Kh2 Qb2+ 54. Kh1 Qa1+ $11) (37. Nf6+ $2 Kg6 38. Qxa8 Qd2+ 39. Kh1 Qe1+ 40. Kh2 Nf1+ 41. Kg1 Nxg3+ 42. Kh2 Kg5 (42... Qd2+ 43. Kxg3 Qe3+ 44. Rf3 $19) 43. Rg4+ Nxg4+ 44. Nxg4 Kf4 (44... Nf1+ $2 45. Kg2 $19) 45. Qf8+ Nf5 $19) 37... Kg6 38. Qg7+ Kxh5 39. Rh4# {[%emt 0:00:03] Weighted Error Value: White=0.05 (flawless) /Black=0.59.  Mistake:       	White=1     	Black=5      Inaccurate:     	---       	Black=2      OK:         	White=9     	Black=9      Best:        	White=1     	---        Strong:       	White=3     	---} 1-0

[Event "TePe Sigeman Co 2024"]
[Site "Malmo"]
[Date "2024.04.30"]
[Round "4.2"]
[White "Keymer, Vincent"]
[Black "Ju, Wenjun"]
[Result "0-1"]
[ECO "D35"]
[WhiteElo "2726"]
[BlackElo "2559"]
[Annotator "TA"]
[PlyCount "138"]
[EventDate "2024.04.27"]
[EventType "tourn"]
[EventCountry "SWE"]
[SourceTitle "playchess.com"]
[Source "ChessBase"]
[SourceQuality "1"]
[TimeControl "40/5400+30:1800+30"]

1. c4 e6 2. Nc3 d5 3. d4 Nf6 4. cxd5 exd5 5. Bg5 c6 6. e3 Bf5 7. Nge2 {[%emt 0:00:05] D35: Queen's Gambit Declined: Exchange Variation.} Be7 8. Ng3 Be6 9. Bd3 h6 10. Bf4 O-O $146 ({Predecessor:} 10... Bd6 11. Bxd6 Qxd6 12. Qc2 Nbd7 13. O-O-O O-O 14. h4 Rac8 15. Nf5 Bxf5 16. Bxf5 Kh8 {1-0 Arun Prasad,S (2423)-Babu,N (2333) Kolkata op 3rd 2008 (7)}) 11. Nf5 Bxf5 12. Bxf5 Bd6 13. Bg3 Ne8 14. Qc2 Nd7 15. O-O-O Nb6 16. Bh7+ Kh8 17. Bd3 a5 18. Kb1 a4 19. a3 Qe7 20. Rde1 Qf6 21. f3 Nc7 22. Qf2 Qd8 23. e4 dxe4 24. Nxe4 Be7 25. Be5 Ne6 26. Qe3 f6 27. Nc5 Bxc5 28. dxc5 Nd5 29. Qe4 Ng5 30. Qc4 fxe5 31. Rxe5 Re8 32. Rhe1 Rxe5 33. Rxe5 b5 34. cxb6 Qxb6 35. Re2 Rb8 36. Ka1 Qb3 37. Qxb3 axb3 38. Bc4 Nf7 39. Re6 g5 40. g3 Kg7 41. Kb1 Rb7 42. Kc1 h5 43. Kd2 Rd7 44. Kc1 Rb7 45. Kd2 $1 h4 46. Rxc6 Ne5 (46... Rd7 $142 47. Bxd5 Rxd5+ 48. Kc3 Ne5 49. Rc7+ Kf6 50. gxh4 gxh4 (50... Nxf3 51. hxg5+ Nxg5 52. Kxb3 $11) (50... Rd3+ 51. Kb4 $17) 51. Kxb3 Kg5 (51... Nxf3 52. Rc3 $17)) 47. Rc5 $17 (47. Bxd5 Nxc6 48. Bxc6 Rc7) 47... Nxc4+ (47... Nxf3+ $2 48. Ke2 Nxh2 (48... hxg3 49. hxg3 Ng1+ 50. Kf1 $11) 49. Bxd5 (49. Rxd5 Re7+ 50. Kd3 h3 $11) 49... Re7+ 50. Kd3 hxg3 51. Bg2 $19) 48. Rxc4 h3 49. Kd3 $2 (49. a4 $17) 49... Rd7 $19 50. Rd4 Kf6 51. a4 Ke5 52. Re4+ Kd6 $1 53. Kc4 Rb7 $1 54. a5 Rb4+ 55. Kd3 Kc5 $1 56. Rxb4 Nxb4+ 57. Ke4 {[%emt 0:01:12] [#]} Kb5 (57... Kc4 $1 $17 {aiming for ...Nd3.} 58. f4 gxf4) 58. f4 $1 $11 gxf4 (58... Kxa5 $2 {too greedy.} 59. fxg5 Kb6 60. g6 $18) 59. gxf4 Kxa5 60. f5 Nc6 61. Kd5 Nd8 62. Kc4 Ka4 63. f6 Nf7 64. Kc5 $2 (64. Kd4 $15 Kb5 65. Kc3) 64... Nh6 65. Kd5 {[%emt 0:01:39] [#]} Kb5 $1 66. Ke5 Kc4 67. Ke4 Nf7 68. Kf5 Kd3 69. Kg6 Nd6 0-1

[Event "TePe Sigeman Co 2024"]
[Site "Malmo"]
[Date "2024.04.30"]
[Round "4.3"]
[White "Korobov, Anton"]
[Black "Erigaisi Arjun"]
[Result "1/2-1/2"]
[ECO "D46"]
[WhiteElo "2651"]
[BlackElo "2756"]
[Annotator "TA"]
[PlyCount "88"]
[EventDate "2024.04.27"]
[EventType "tourn"]
[EventCountry "SWE"]
[SourceTitle "playchess.com"]
[Source "ChessBase"]
[SourceQuality "1"]
[TimeControl "40/5400+30:1800+30"]

1. c4 c6 2. Nf3 d5 3. e3 Nf6 4. Nc3 e6 5. b3 Bd6 6. Bb2 O-O 7. d4 Nbd7 8. Bd3 Re8 9. Qc2 e5 {[%emt 0:02:26] [#] White must now prevent ...e4.} 10. cxd5 cxd5 11. dxe5 Nxe5 12. Nxe5 Bxe5 13. Ne2 d4 14. e4 Qd6 (14... Bd6 $5) 15. Qd2 {[%emt 0:05:03] f4 would now be deadly.} Bxh2 16. f3 (16. Nxd4 $2 {perishes.} Nxe4 17. Bxe4 Rxe4+ 18. Kf1 Bf5 19. Rxh2 Qxh2 $19) 16... Nh5 17. O-O-O Ng3 $132 {[%emt 0:05:20][%mdl 2048] Black is not holding back} 18. Nxg3 Bxg3 19. Kb1 $1 {[%emt 0:06:33][%cal Oh1h7] Active counter play!} h6 20. Bc4 Be6 21. Bxe6 ({Don't take} 21. Qxd4 Qxd4 22. Rxd4 Bxc4 23. Rxc4 Rad8 $16) 21... Rxe6 22. Qxd4 Qxd4 23. Rxd4 Be5 24. Rd2 Bxb2 {[%emt 0:01:04] The position is equal.} 25. Kxb2 $11 {[%emt 0:00:03][%mdl 4096] Endgame. KRR-KRR} Kf8 26. Rc1 Ke8 {[%emt 0:00:35] Inhibits Rd7.} 27. Rc7 Re7 {[%emt 0:00:12] Repels Rdd7} 28. Rc5 Rd8 29. Kc3 b6 30. Rc4 Red7 31. Rxd7 Rxd7 {[%emt 0:00:05] KR-KR} 32. Rc8+ Ke7 33. a4 h5 34. b4 g5 35. Rh8 h4 36. f4 Rc7+ 37. Kb3 gxf4 38. Rxh4 Ke6 39. Rxf4 Ke5 40. g3 Kd4 41. b5 Rc3+ 42. Kb4 {[%emt 0:00:08] [#] e5+ is the strong threat.} Rc4+ 43. Kb3 {[%emt 0:00:03] Strongly threatening e5+.} Rc3+ 44. Kb4 {[%emt 0:00:05] aiming for e5+.} Rc4+ {[%emt 0:00:03] Weighted Error Value: White=0.03 (flawless) /Black=0.03 (flawless) .  Inaccurate:     	White=2     	Black=1      OK:         	White=17    	Black=23     Best:        	---       	Black=1      Strong:       	White=1     	---} 1/2-1/2

[Event "TePe Sigeman Co 2024"]
[Site "Malmo"]
[Date "2024.04.30"]
[Round "4.4"]
[White "Maurizzi, Marc`Andria"]
[Black "Svidler, Peter"]
[Result "1/2-1/2"]
[ECO "C88"]
[WhiteElo "2605"]
[BlackElo "2689"]
[Annotator "TA"]
[PlyCount "57"]
[EventDate "2024.04.27"]
[EventType "tourn"]
[EventCountry "SWE"]
[SourceTitle "playchess.com"]
[Source "ChessBase"]
[SourceQuality "1"]
[TimeControl "40/5400+30:1800+30"]

1. e4 e5 2. Nf3 Nc6 3. Bb5 a6 4. Ba4 Nf6 5. O-O Be7 6. Re1 b5 7. Bb3 O-O 8. a4 b4 9. d4 d6 10. dxe5 dxe5 11. Bg5 Qxd1 12. Rxd1 Nxe4 13. Bxe7 Nxe7 14. Nxe5 Nc5 15. Nd2 Bf5 16. Bc4 Bxc2 (16... Rad8 $11 17. Ndf3 Rxd1+ (17... Bxc2 18. Bxf7+ Kh8 19. Re1 $14) 18. Rxd1 Nxa4 19. Nxf7 Nxb2 20. Nh6+ Kh8 21. Nf7+ Kg8 22. Nh6+ Kh8 23. Nf7+ Kg8) 17. Rdc1 $14 b3 18. Ra3 Rab8 19. h3 ({But not} 19. Bxb3 $6 Bxb3 20. Rxc5 Rfd8 $11 (20... Be6 21. Nd3 $11)) (19. Bf1 $5) 19... h6 {[%emt 0:20:40] The position is equal.} 20. Ndf3 Rb4 21. Bxb3 Bxb3 (21... Rxb3 {simplifies} 22. Rxc2 Rxa3 23. bxa3 Ne6) 22. Rxc5 Bxa4 23. Nd3 {[%emt 0:03:58] A dynamic duo of knights.} Re4 24. Rxc7 {[%emt 0:01:14] [#] Black must now prevent Nc5.} Nd5 25. Rc5 Rd8 26. Nd2 Rd4 {[%emt 0:00:04] Hoping for ...Bb5.} 27. Nf3 Re4 28. Nd2 Rd4 {[%emt 0:00:02] [#] ...Bb5 would now be deadly.} 29. Nf3 {[%emt 0:00:05] Weighted Error Value: White=0.06 (flawless) /Black=0.06 (flawless) .  Mistake:       	---       	Black=1      Inaccurate:     	White=1     	Black=1      OK:         	White=7     	Black=11     Best:        	White=1     	---} 1/2-1/2

[Event "TePe Sigeman Co 2024"]
[Site "Malmo"]
[Date "2024.05.01"]
[Round "5.1"]
[White "Erigaisi Arjun"]
[Black "Keymer, Vincent"]
[Result "1/2-1/2"]
[ECO "C88"]
[WhiteElo "2756"]
[BlackElo "2726"]
[Annotator "TA"]
[PlyCount "78"]
[EventDate "2024.04.27"]
[EventType "tourn"]
[EventCountry "SWE"]
[SourceTitle "playchess.com"]
[Source "ChessBase"]
[SourceQuality "1"]
[TimeControl "40/5400+30:1800+30"]

1. e4 e5 2. Nf3 Nc6 3. Bb5 a6 4. Ba4 Nf6 5. O-O Be7 6. Re1 b5 7. Bb3 O-O 8. h3 Bb7 9. d3 d5 10. exd5 Nxd5 11. Nbd2 Nd4 12. Nxd4 exd4 {[%emt 0:00:02] The position is equal.} 13. Qf3 Ra7 14. Qf5 {[%emt 0:02:27] [#] Threatens to win with Bxd5.} g6 15. Qe5 Bf6 $1 {[%emt 0:00:05] Prevents Ne4} 16. Qg3 Ne3 17. Ne4 Bxe4 18. dxe4 {[%emt 0:03:35][%cal Oe4e5] [#]} (18. fxe3 $2 Bh4 19. Qf4 Bxg2 $17 (19... Bxe1 $2 20. Qxe4 c5 21. Qf4 $19)) 18... c5 $1 {[%emt 0:00:14][%cal Oc5c4] ...c4! would now be deadly.} 19. c3 ({Much weaker is} 19. fxe3 Bh4 20. Qf3 Bxe1 $17) 19... Nc4 20. a4 {[%emt 0:25:21] aiming for axb5.} Rd7 {[%emt 0:26:22] ...Be5 is the strong threat.} 21. axb5 axb5 22. cxd4 Rxd4 23. Bxc4 Rxc4 24. e5 Re8 25. Bh6 Bg7 26. Bxg7 Kxg7 27. b3 Rd4 28. e6 Qd6 ({Reject} 28... fxe6 $6 29. Qe5+ Kg8 30. Qxc5 $16) 29. Qxd6 Rxd6 $11 {[%emt 0:00:05][%mdl 4096] Endgame. KRR-KRR} 30. Re5 Rdxe6 (30... fxe6 31. Rxc5 Rb8 32. Ra7+ Kf6 33. Rxh7 $16) 31. Rxc5 Re5 32. Rac1 Kf6 33. Kf1 h5 34. Rxe5 Rxe5 {[%emt 0:00:04] KR-KR} 35. Rc6+ Re6 36. Rc5 Re5 37. Rc6+ Re6 38. Rc5 Re5 39. Rc6+ Re6 {[%emt 0:00:04] Weighted Error Value: White=0.04 (flawless) /Black=0.01 (flawless) .  Inaccurate:     	White=1     	---        OK:         	White=20    	Black=11     Strong:       	---       	Black=1} 1/2-1/2

[Event "TePe Sigeman Co 2024"]
[Site "Malmo"]
[Date "2024.05.01"]
[Round "5.2"]
[White "Svidler, Peter"]
[Black "Korobov, Anton"]
[Result "1-0"]
[ECO "B53"]
[WhiteElo "2689"]
[BlackElo "2651"]
[Annotator "TA"]
[PlyCount "71"]
[EventDate "2024.04.27"]
[EventType "tourn"]
[EventCountry "SWE"]
[SourceTitle "playchess.com"]
[Source "ChessBase"]
[SourceQuality "1"]
[TimeControl "40/5400+30:1800+30"]

1. e4 c5 2. Nf3 d6 3. Nc3 Nf6 4. d4 cxd4 5. Qxd4 Nc6 6. Qe3 e6 7. b3 Be7 8. Bb2 {[%emt 0:00:44] The position is equal.} a6 9. O-O-O Qc7 10. h3 b5 11. g4 Bb7 12. g5 Nd7 13. Kb1 Nc5 14. Rg1 (14. a3 $14) 14... O-O-O (14... O-O $15) 15. Nd4 b4 {[%emt 0:13:01] [#] Strongly threatening ...Nxd4.} 16. Nce2 Na7 17. Ng3 Kb8 18. f4 Rhe8 19. Rg2 $36 {[%emt 0:04:46][%mdl 2048] White is more active.} e5 20. Ndf5 Bf8 21. fxe5 dxe5 22. Rgd2 Rxd2 23. Rxd2 Nb5 (23... g6 $11 {remains equal.} 24. Nh6 Bxh6) 24. Bxb5 $16 axb5 25. Qe2 f6 26. Ne3 Rd8 (26... Ka7 $16) 27. Nd5 Qd7 28. Qf1 Qe6 29. gxf6 {[%emt 0:01:18][%cal Od5f4] [#] Hoping for Nf4!} Nxe4 30. Nxe4 Rxd5 31. Ng5 {[%emt 0:05:17] White has more active pieces.} Qxf6 32. Rf2 Rd1+ $2 {[%emt 0:00:05][%mdl 8192] This costs Black the game.} 33. Qxd1 $18 Qxf2 34. Qd8+ ({Not} 34. Nxh7 Be7 $16) (34. Bxe5+ Kc8 35. Qg4+ (35. Nxh7 Bf3 $16) 35... Kd8 $18) 34... Ka7 35. Ne6 {[%emt 0:02:46] aiming for Qa5+.} (35. Bxe5 $2 {perishes.} Qe1+ 36. Kb2 Qxe5+ $19) ({Resist} 35. Qa5+ Ba6 $18) 35... Qg1+ $2 (35... Qb6) 36. Bc1 {[%emt 0:00:04] Weighted Error Value: White=0.14 (very precise) /Black=0.31.  Loses game:     	---       	Black=1      Mistake:       	White=1     	Black=4      Inaccurate:     	White=4     	Black=2      OK:         	White=12    	Black=15     Best:        	White=3     	Black=1} 1-0

[Event "TePe Sigeman Co 2024"]
[Site "Malmo"]
[Date "2024.05.01"]
[Round "5.3"]
[White "Grandelius, Nils"]
[Black "Maurizzi, Marc`Andria"]
[Result "1/2-1/2"]
[ECO "C78"]
[WhiteElo "2664"]
[BlackElo "2605"]
[Annotator "TA"]
[PlyCount "78"]
[EventDate "2024.04.27"]
[EventType "tourn"]
[EventCountry "SWE"]
[SourceTitle "playchess.com"]
[Source "ChessBase"]
[SourceQuality "1"]
[TimeControl "40/5400+30:1800+30"]

1. e4 e5 2. Nf3 Nc6 3. Bb5 a6 4. Ba4 Nf6 5. d3 Bc5 6. O-O d6 7. c3 O-O 8. h3 {[%emt 0:07:20] C78: Ruy Lopez: Archangelsk and Möller Defences.} Ba7 9. Re1 Nh5 10. d4 Qf6 11. Nbd2 b5 12. Bc2 Nf4 13. Nf1 g5 14. Ne3 $146 ({Predecessor:} 14. Be3 Kh8 15. N1h2 Rg8 16. Kh1 Bb6 17. a4 Rb8 18. Bb3 Na5 19. Ba2 Qg7 20. Ng4 {½-½ Salvador Marques,C (2447)-Rallabandi,P (2486) EU-chT12 sf2 email 2021}) 14... Kh8 (14... exd4 {keeps more tension.} 15. Nd5 Qg7 16. Nxg5 f6) 15. Nf5 Bxf5 $1 16. exf5 exd4 17. h4 d3 $1 18. Bxd3 Nxd3 19. Qxd3 g4 $1 20. Bg5 Qg7 21. f6 Qg6 22. Qd5 $1 (22. Qxg6 fxg6 23. Nd2 g3 $17) 22... gxf3 (22... h6 $5 23. Qxc6 hxg5 (23... gxf3 24. Qxf3 hxg5 25. hxg5 $15) 24. Nxg5 Qxf6 $11) 23. Qxc6 h6 24. Qxf3 $1 hxg5 25. hxg5 Rae8 (25... Qxg5 $2 26. Qh3+ Kg8 27. Re4 Qxf6 28. Rg4+ $18) 26. g3 Kg8 (26... Qxg5 $2 27. Kg2 Kh7 28. Rh1+ Kg6 29. Rh4 $18) 27. Kg2 $1 Qc2 (27... Qxg5 $2 28. Rh1 Re6 29. Rh4 Rxf6 (29... Qxf6 $2 30. Rg4+ $18) 30. Rg4 $18) 28. Re7 Rxe7 29. fxe7 Re8 30. Re1 $1 Qd2 (30... Qxb2 $2 {too greedy.} 31. Re2 $18) 31. Re2 Qxg5 32. Qc6 (32. Re4 $5 f5 $8 (32... Rxe7 $2 {is the wrong capture.} 33. Rg4 $18) 33. Rf4 Qxe7 (33... Rxe7 34. Qa8+ Kg7 35. Qxa7 $16) 34. Rxf5 $11) 32... Rxe7 33. Qa8+ Kg7 34. Rxe7 Qxe7 35. Qxa7 Qe4+ 36. Kh2 Qh7+ 37. Kg2 Qe4+ 38. Kh2 Qh7+ 39. Kg2 Qe4+ 1/2-1/2

[Event "TePe Sigeman Co 2024"]
[Site "Malmo"]
[Date "2024.05.02"]
[Round "6.1"]
[White "Maurizzi, Marc`Andria"]
[Black "Ju, Wenjun"]
[Result "1/2-1/2"]
[ECO "C42"]
[WhiteElo "2605"]
[BlackElo "2559"]
[Annotator "TA"]
[PlyCount "80"]
[EventDate "2024.04.27"]
[EventType "tourn"]
[EventCountry "SWE"]
[SourceTitle "playchess.com"]
[Source "ChessBase"]
[SourceQuality "1"]
[TimeControl "40/5400+30:1800+30"]

1. e4 e5 2. Nf3 Nf6 3. Nxe5 d6 4. Nf3 Nxe4 5. d4 d5 6. Bd3 Bf5 7. O-O Be7 8. Re1 O-O 9. Nbd2 Nd6 10. Nf1 Bxd3 11. Qxd3 c6 12. Bf4 Na6 13. Ne3 Nc7 14. Bxd6 Bxd6 15. Nf5 g6 16. Nxd6 Qxd6 17. Ne5 Rae8 18. h4 f6 19. Nf3 Qd7 20. g3 Nb5 21. h5 g5 22. Nh2 Nd6 23. Kg2 Qf5 (23... a6 $15) 24. Qxf5 $11 {[%emt 0:03:34] The position is equal.} Nxf5 25. Ng4 {[%emt 0:00:50] [#] Black must now prevent Rxe8.} Kg7 (25... Nxd4 $2 {is the wrong capture.} 26. Rxe8 (26. Nxf6+ Kf7 $18) 26... Rxe8 27. Nxf6+ Kf7 28. Nxe8 Kxe8 29. Re1+ Kf7 30. c4 $18 (30. c3 Ne6 $18)) 26. c3 Nd6 27. f3 Rxe1 28. Rxe1 Re8 29. Rxe8 Nxe8 {[%emt 0:00:03][%mdl 4096] Endgame. KN-KN} 30. Ne3 Nd6 31. g4 f5 32. Kf2 (32. Nxf5+ Nxf5 33. gxf5 Kf6 $19) 32... Kf6 33. Ke2 Ke6 34. Kd3 fxg4 35. fxg4 Ne4 36. a4 Nf2+ 37. Ke2 Ne4 38. Kd3 Nf2+ 39. Ke2 Ne4 40. Kd3 Nf2+ {[%emt 0:00:03] Weighted Error Value: White=0.04 (flawless) /Black=0.03 (flawless) .  Mistake:       	---       	Black=1      OK:         	White=19    	Black=15     Best:        	White=1     	Black=2} 1/2-1/2